 Dungeon Crawl Stone Soup version 0.30-a0-591-g3c58d2bc28 (webtiles) character file.

Game seed: 9200236996539208145

102 cforsyth the Digger (level 4, 0/24 HPs)
             Began as a Gargoyle Earth Elementalist on Jan 5, 2023.
             Slain by a gnoll
             ... wielding a +6 whip of flaming
             ... led by a gnoll bouda
              (8 damage)
             ... on level 6 of the Dungeon.
             The game lasted 00:03:18 (2677 turns).

cforsyth the Digger (Gargoyle Earth Elementalist)   Turns: 2677, Time: 00:03:18

Health: 0/24       AC:  5    Str: 11    XL:     4   Next: 78%
Magic:  6/9        EV: 11    Int: 18    God:
Gold:   234        SH:  0    Dex: 10    Spells: 8/9 levels left

rFire   . . .      SeeInvis .    (no weapon)
rCold   . . .      Faith    .    (no shield)
rNeg    + + .      Spirit   .    a - +0 robe
rPois   ∞          Reflect  .    (no helmet)
rElec   +          Harm     .    (no cloak)
rCorr   .          Rampage  .    (no gloves)
Will    .....                    (no boots)
Stlth   ++                       (no amulet)
HPRegen 0.24/turn                j - ring of positive energy
MPRegen 0.11/turn                (no ring)

@: flying
A: sickness immunity, AC +3, negative energy resistance 1, electricity
resistance, torment resistance 1, petrification resistance
a: no special abilities


You were on level 6 of the Dungeon.
You visited 1 branch of the dungeon, and saw 5 of its levels.

You collected 234 gold pieces.

Inventory:

Hand Weapons
 s - the +9 long sword "Licvow" {venom, *Corrode rC++ Dex+5}
   (You found it on level 3 of the Dungeon)

   Dex:       It affects your dexterity (+5).
   rC:        It greatly protects you from cold.
   *Corrode:  It may corrode you when you take damage.
Armour
 a - a +0 robe (worn)
Jewellery
 j - a ring of positive energy (left hand)
Scrolls
 c - a scroll of noise {unknown}
 d - a scroll of acquirement {unknown}
 e - a scroll of fog
 g - a scroll of teleportation {unknown}
 h - a scroll of butterflies {unknown}
 k - a scroll of identify {unknown}
 m - a scroll of poison {unknown}
 n - a scroll of vulnerability {unknown}
 o - a scroll of blinking {unknown}
 p - a scroll of enchant weapon {unknown}
 q - a scroll of fear {unknown}
Potions
 f - a potion of curing
 i - a potion of flight
 l - a potion of brilliance {unknown}
 r - a potion of resistance {unknown}
 t - a potion of attraction {unknown}


   Skills:
 - Level 1.5 Dodging
 - Level 2.1 Stealth
 + Level 3.4 Spellcasting
 - Level 0.7 Transmutations
 + Level 5.2 Earth Magic


You had 8 spell levels left.
You knew the following spells:

 Your Spells              Type           Power      Damage    Failure   Level
a - Sandblast             Erth           42%        2d11      1%          1

Your spell library contained the following spells:

 Spells                   Type           Power      Damage    Failure   Level
 Passwall                 Tmut/Erth      10%        N/A       7%          2
 Stone Arrow              Conj/Erth      24%        3d8       16%         3
 Petrify                  Tmut/Erth      13%        N/A       41%         4
 Inner Flame              Hex/Fire       3%         N/A       43%         3
 Flame Wave               Conj/Fire      3%         2d5       83%         4
 Sticky Flame             Conj/Fire      3%         2d3       83%         4


Dungeon Overview and Level Annotations

Branches:
Dungeon (4/15)
 Temple: D:4-7

Altars:


Innate Abilities, Weirdness & Mutations

You are immune to sickness and miasma.
Your stone body is resilient. (AC +3)
You are immune to poison.
You resist negative energy. (rN+)
You are resistant to electric shocks. (rElec)
You are resistant to unholy torment.
You are immune to petrification.


Message History

Aiming: Sandblast (safe; 1% risk of failure)
Press: ? - help, Shift-Dir - straight line, f/p - gnoll bouda
Aim: a gnoll bouda, wielding a +0 whip and wearing a +0 leather armour (severely wounded, 85% to hit)
The blast of sand hits the gnoll.
The gnoll is moderately wounded.
The gnoll bouda barks out a call to the hunt!
The gnoll picks up the pace!
The gnoll attacks as you move away!
The gnoll hits you with a +6 whip of flaming.
The gnoll burns you. The gnoll hits you but does no damage.
Casting: Sandblast (safe; 1% risk of failure)
Confirm with . or Enter, or press ? or * to list all spells.
Aiming: Sandblast (safe; 1% risk of failure)
Press: ? - help, Shift-Dir - straight line, f - gnoll
Aim: a gnoll, wielding a +6 whip of flaming (moderately wounded, covering ground quickly, 85% to hit)
The blast of sand hits the gnoll!
The gnoll is almost dead.
Casting: Sandblast (safe; 1% risk of failure)
Confirm with . or Enter, or press ? or * to list all spells.
Aiming: Sandblast (safe; 1% risk of failure)
Press: ? - help, Shift-Dir - straight line, f - gnoll bouda
Aim: a gnoll bouda, wielding a +0 whip and wearing a +0 leather armour (severely wounded, 85% to hit)
The blast of sand hits the gnoll bouda but does no damage.
The gnoll bouda is severely wounded.
Casting: Sandblast (safe; 1% risk of failure)
Confirm with . or Enter, or press ? or * to list all spells.
Aiming: Sandblast (safe; 1% risk of failure)
Press: ? - help, Shift-Dir - straight line, f/p - gnoll bouda
Aim: a gnoll bouda, wielding a +0 whip and wearing a +0 leather armour (severely wounded, 85% to hit)
The blast of sand hits the gnoll bouda.
The gnoll bouda is severely wounded.
The gnoll bouda utters an invocation to its god.
The gnoll bouda is healed somewhat.
The gnoll hits you but does no damage. The gnoll bouda closely misses you.
The gnoll attacks as you move away!
The gnoll hits you with a +6 whip of flaming.
The gnoll burns you.
* * * LOW HITPOINT WARNING * * *
The gnoll hits you with a +6 whip of flaming!
You die...

##### #...#
###.#.###
#...#g..####
#.#####....#
#..g#.gg##.....
###)#@### ##.#
#..?# ##)##
#... #....#
##...# #.## .#
.#


You could see a gnoll bouda and a gnoll (swift).

Vanquished Creatures
  2 gnolls (D:6)
  3 adders
  A worm (D:2)
  2 dart slugs (D:1)
  5 endoplasms
  3 giant cockroaches (D:1)
  3 goblins
  2 hobgoblins
  2 quokkas
  6 ball pythons
  10 bats
  2 frilled lizards (D:2)
  6 kobolds
  5 rats
52 creatures vanquished.

Notes
Turn   | Place    | Note
-------+----------+-------------------------------------------
     0 | D:1      | cforsyth the Gargoyle Earth Elementalist began the quest
                  | for the Orb.
     0 | D:1      | Reached XP level 1. HP: 10/10 MP: 3/3
   233 | D:1      | Reached skill level 4 in Earth Magic
   233 | D:1      | Reached XP level 2. HP: 15/15 MP: 1/5
  1076 | D:1      | Reached XP level 3. HP: 19/19 MP: 4/6
  1466 | D:2      | Reached XP level 4. HP: 24/24 MP: 6/8
  2281 | D:3      | Reached skill level 5 in Earth Magic
  2285 | D:3      | Identified the +9 long sword "Licvow" {venom, *Corrode rC++
                  | Dex+5}
  2530 | D:4      | Noticed a hornet
  2645 | D:4      | You fall into a shaft and drop 2 floors!
  2677 | D:6      | Slain by a gnoll

Illustrated notes

Levels and vault maps discovered:
D:1:      saegor_arrival_simple_c, layout_loops_corners,
          kennysheep_decorative_pillar, hex_large
D:2:      layout_rooms
D:3:      layout_basic, roderic_serpentine_path, minmay_crystal_water
D:4:      layout_loops_ring, grunt_decor_clamped, minmay_increasing_density
D:6:      layout_loops_ring, serial_shops, nicolae_take_the_stairs,
          nicolae_shop_hallway_stairs, nicolae_shop_behind_doors

Skill      XL: |  1  2  3  4 |
---------------+-------------+-----
Earth Magic    | 4 5 |  5.2
Spellcasting   | 3 |  3.4
Dodging        | |  1.5
Stealth        | |  2.1
Transmutations | |  0.7

Action                   |  1- 3 |  4- 6 || total
-------------------------+-------+-------++-------
Melee: Unarmed           |       |     1 ||     1
 Cast: Sandblast         |    44 |    30 ||    74
  Use: Potion            |       |     3 ||     3
       Scroll            |       |     1 ||     1
Armor: Robe              |     1 |     6 ||     7
Dodge: Dodged            |     2 |     8 ||    10

Table legend: (Time is in decaauts)
 A = Elapsed time spent in this place.
 B = Non-inter-level travel time spent in this place.
 C = Inter-level travel time spent in this place.
 D = Time resting spent in this place.
 E = Time spent auto-exploring this place.
 F = Levels seen in this place.
 G = Mean time per level.
                   A        B        C        D        E       F      G
               +--------+--------+--------+--------+--------+-----+--------+
         Total |   2715 |   2616 |     99 |      0 |   2317 |   5 |  543.0 |
       Dungeon |   2715 |   2616 |     99 |      0 |   2317 |   5 |  543.0 |
               +--------+--------+--------+--------+--------+-----+--------+

Top non-repeatable levels by time:
     D:1: 1164 daAuts
     D:3: 732 daAuts
     D:2: 641 daAuts
     D:4: 139 daAuts
     D:6: 37 daAuts
